 Dungeon Sprint DCSS version 0.28-a0-1518-gbe868bca14 (webtiles) character file.

Game seed: 3520000491694504220

23615 mhtbhm the Severer (level 12, -1/216 HPs)
             Began as a Troll Berserker on Jan 16, 2022.
             Was the Champion of Trog.
             Slain by a +2 vorpal halberd (27 damage)
             ... in the Dungeon (Sprint III: "The Ten Rune Challenge").
             The game lasted 00:11:39 (3424 turns).

mhtbhm the Severer (Troll Berserker)                Turns: 3424, Time: 00:11:40

Health: -1/216     AC:  7    Str: 34    XL:     12   Next: 73%
Magic:  11/11      EV: 15    Int:  3    God:    Trog [******]
Gold:   410        SH:  0    Dex: 13    Spells: 11/11 levels left

rFire   + . .      SeeInvis .   a - +5 battleaxe (vorpal)
rCold   + . .      Faith    .   (shield currently unavailable)
rNeg    + . .      Spirit   .   b - +1 robe "Doutt" {rElec Dex+4}
rPois   +          Reflect  .   p - +2 hat {Will+}
rElec   +          Harm     .   (no cloak)
rCorr   .          Rampage  .   (gloves unavailable)
Will    +....      NoTele   +   (boots unavailable)
Stlth   ..........              (no amulet)
HPRegen 1.26/turn               x - ring "Loptim Nazin" {rPois rF+ rC+ Str+2 Stlth+}
MPRegen 0.12/turn               s - ring of positive energy

@: berserking (expiring), very quick
A: large, unfitting armour, claws 3, regeneration 1, shaggy fur 1, tough skin 1
a: Renounce Religion, Berserk, Trog's Hand, Brothers in Arms


You were in the Dungeon.
You worshipped Trog.
Trog was exalted by your worship.
You visited 1 branch You collected 2034 gold pieces.
You spent 1624 gold pieces at shops.

Inventory:

Hand Weapons
 a - a +5 vorpal battleaxe (weapon)
 q - a +8 antimagic executioner's axe
 v - a +4 battleaxe of flaming
 y - a +4 demon whip of electrocution
Missiles
 o - 6 javelins (quivered)
 w - 7 curare-tipped darts
Armour
 b - the +1 robe "Doutt" (worn) {rElec Dex+4}
   (You bought it in a shop in the Dungeon)

   Dex:       It affects your dexterity (+4).
   rElec:     It insulates you from electricity.
 p - a +2 hat of willpower (worn)
Jewellery
 r - a ring of protection from fire
 s - a ring of positive energy (right claw)
 x - the ring "Loptim Nazin" (left claw) {rPois rF+ rC+ Str+2 Stlth+}
   (You bought it in a shop in the Dungeon)

   [ring of protection from cold]

   Str:       It affects your strength (+2).
   rF:        It protects you from fire.
   rC:        It protects you from cold.
   rPois:     It protects you from poison.
   Stlth:     It makes you more stealthy.
Wands
 c - a wand of polymorph (2)
 A - a wand of acid (4)
Scrolls
 h - a scroll of blinking
 i - 2 scrolls of identify {unknown}
 j - 2 scrolls of holy word {unknown}
 k - 2 scrolls of fear {unknown}
Potions
 d - 2 potions of heal wounds
 e - a potion of haste
 f - 2 potions of magic
 g - a potion of berserk rage
 l - 4 potions of flight
 m - 6 potions of mutation
 t - 4 potions of curing
 u - a potion of invisibility {unknown}
 z - a potion of resistance
Miscellaneous
 n - a piece from Xom's chessboard (15/15)
 B - a box of beasts


   Skills:
 + Level 16.1 Fighting
 + Level 20.3 Axes
 + Level 12.0 Dodging
 - Level 0.3 Stealth
 + Level 4.0 Unarmed Combat


You had 11 spell levels left.
You didn't know any spells.
Your spell library was empty.

Dungeon Overview and Level Annotations

Branches:
Dungeon (1/1)

Altars:
Cheibriados
Dithmenos
Elyvilon
Fedhas
Gozag
Hepliaklqana
Kikubaaqudgha
Makhleb
Nemelex Xobeh
Okawaru
Qazlal
Ru
Sif Muna
Trog
Uskayaw
Vehumet
Wu Jian
Xom
Yredelemnul
Zin
The Shining One
Beogh
Jiyva
Lugonu

Shops:
D [[*?*:=(:!=*


Innate Abilities, Weirdness & Mutations

You are too large for most types of armour.
You have claws for hands.
Your natural rate of healing is unusually fast.
You are covered in fur. (AC +1)
You have tough skin. (AC +1)


Message History

You are too injured to fight recklessly!
You are too injured to fight recklessly!
You are too injured to fight recklessly!
You are too injured to fight recklessly!
You are too injured to fight recklessly!
You are too injured to fight recklessly!
You are too injured to fight recklessly!
You are too injured to fight recklessly!
You are too injured to fight recklessly!
You closely miss the +4 vorpal battleaxe.
The +4 vorpal battleaxe is lightly damaged.
The +2 vorpal halberd hits you from afar!!
There is an open door to the Hall of Blades here.
You feel a strong urge to attack something.
Something is blocking the doorway!
You slice the +4 vorpal battleaxe!!
The +4 vorpal battleaxe is severely damaged.
You slice the +4 vorpal battleaxe!!
The +4 vorpal battleaxe falls from the air.
Trog accepts your kill.
The +2 vorpal halberd hits you from afar!!
* * * LOW HITPOINT WARNING * * *
x2 Your Dodging skill increases to level 12!
The +2 vorpal halberd closely misses you.
There is an open door to the Hall of Blades here.
You see here a +4 vorpal battleaxe.
You slash the +2 vorpal halberd!
The +2 vorpal halberd is moderately damaged.
The +2 vorpal halberd hits you!
* * * LOW HITPOINT WARNING * * *
x2 You closely miss the +2 vorpal halberd.
The +2 vorpal halberd is moderately damaged.
You hit the +2 vorpal halberd.
The +2 vorpal halberd is heavily damaged.
The +2 vorpal halberd hits you!
* * * LOW HITPOINT WARNING * * *
x2 You miss the +2 vorpal halberd.
The +2 vorpal halberd is heavily damaged.
The +2 vorpal halberd hits you!!
You die...

##.#.#####.####
########..'.#.).'.#).#
.......'..#######.'..#
...########.. ..#.####
.###.∩⌠⌠..#..#..#.#..#
##.#.∩⌠⌠∩.#.#.#.#.'..#
§..#.∩∩∩∩.#.....#.#..#
.§.#.∩∩∩∩.#.....#)#..#
.§.#......#.#.#(@.#..#
...###''###..#..#.#..#
..§#.⌠..⌠.#)....######
##.#......#######
#........# ..........#
..........#
###########


You could see a +2 vorpal halberd.

Vanquished Creatures
  Sigmund (D)
  Rupert (D)
  2 dire elephants (D)
  A fire dragon (D)
  2 centaur warriors (D)
  Erica (D)
  3 dancing weapons (D)
  3 orc high priests (D)
  Urug (D)
  A deep elf knight (D)
  A lindwurm (D)
  An obsidian statue (D)
  An orc knight (D)
  A deep elf zephyrmancer (D)
  A glowing shapeshifter (D)
  4 deep elf pyromancers (D)
  An ugly thing (D)
  2 elephants (D)
  2 cane toads (D)
  Edmund (D)
  A komodo dragon (D)
  An unseen horror (D)
  A rime drake (D)
  4 spriggan defenders (D)
  2 tyrant leeches (D)
  A merfolk (shapeshifter) (D)
  A raiju (shapeshifter) (D)
  5 blink frogs (D)
  A slime creature (shapeshifter) (D)
  A shadow (D)
  3 redbacks (D)
  A spatial vortex (D)
  2 wandering mushrooms (D)
  A swamp drake (D)
  2 orc warriors (D)
  A necrophage (D)
  2 centaurs (D)
  An earth elemental (D)
  A water elemental (D)
  A scorpion (D)
  5 orc priests (D)
  A jelly (D)
  Jessica (D)
  2 orc wizards (D)
  A necromancer (D)
  3 humans (D)
  A kobold demonologist (D)
  5 orcs (D)
  An endoplasm (D)
  2 rats (D)
  A plant (D)
87 creatures vanquished.

Vanquished Creatures (collateral kills)
  Gastronok (D)
  An orc knight (D)
  An orc wizard (D)
  2 orcs (D)
5 creatures vanquished.

Vanquished Creatures (others)
  A wizard (D)
  A wandering mushroom (D)
  14 plants (D)
16 creatures vanquished.

Grand Total: 108 creatures vanquished

Notes
Turn   | Place    | Note
-------+----------+-------------------------------------------
     0 | D        | mhtbhm the Troll Berserker began the quest for the Orb.
     0 | D        | Reached XP level 1. HP: 22/22 MP: 0/0
    21 | D        | Noticed Jessica
    23 | D        | Reached ** piety under Trog
    26 | D        | Killed Jessica
    27 | D        | Reached skill level 3 in Axes
    27 | D        | Reached XP level 2. HP: 31/32 MP: 1/1
    27 | D        | Reached XP level 3. HP: 37/39 MP: 2/2
   132 | D        | Reached skill level 4 in Axes
   264 | D        | Noticed a scorpion
   278 | D        | Killed a scorpion
   279 | D        | Reached skill level 5 in Axes
   279 | D        | Reached XP level 4. HP: 39/49 MP: 3/3
   331 | D        | Noticed a water elemental
   339 | D        | Killed a water elemental
   339 | D        | Reached *** piety under Trog
   340 | D        | Reached skill level 5 in Fighting
   340 | D        | Reached skill level 5 in Dodging
   340 | D        | Reached XP level 5. HP: 57/57 MP: 4/4
   393 | D        | Found a hide-covered altar of Uskayaw.
   393 | D        | Found an iron altar of Okawaru.
   393 | D        | Found a bloodstained altar of Trog.
   393 | D        | Found an ornate altar of the Wu Jian Council.
   393 | D        | Noticed a human
   394 | D        | Noticed a human
   399 | D        | Killed a human
   400 | D        | Reached skill level 7 in Axes
   400 | D        | Reached XP level 6. HP: 68/68 MP: 5/5
   409 | D        | Killed a human
   453 | D        | Found a radiant altar of Vehumet.
   453 | D        | Found a shimmering blue altar of Sif Muna.
   453 | D        | Found an ancient bone altar of Kikubaaqudgha.
   462 | D        | Noticed a chaos spawn
   464 | D        | Reached skill level 8 in Axes
   513 | D        | Found a basalt altar of Yredelemnul.
   513 | D        | Found a shadowy altar of Dithmenos.
   513 | D        | Found a sacrificial altar of Ru.
   524 | D        | Reached XP level 7. HP: 46/79 MP: 6/6
   529 | D        | Reached **** piety under Trog
   586 | D        | Found a glowing silver altar of Zin.
   586 | D        | Found a glowing golden altar of the Shining One.
   586 | D        | Found a white marble altar of Elyvilon.
   587 | D        | Noticed a deep elf pyromancer
   595 | D        | Killed a deep elf pyromancer
   596 | D        | Reached skill level 9 in Axes
   665 | D        | Reached XP level 8. HP: 89/91 MP: 7/7
   675 | D        | Reached ***** piety under Trog
   687 | D        | Found a blossoming altar of Fedhas.
   687 | D        | Found a stormy altar of Qazlal.
   687 | D        | Found a snail-covered altar of Cheibriados.
   687 | D        | Found a burning altar of Makhleb.
   687 | D        | Found a shimmering altar of Xom.
   688 | D        | Found a hazy altar of Hepliaklqana.
   688 | D        | Found an opulent altar of Gozag.
   688 | D        | Found a sparkling altar of Nemelex Xobeh.
   688 | D        | Found a corrupted altar of Lugonu.
   688 | D        | Found a viscous altar of Jiyva.
   705 | D        | Received a gift from Trog
   706 | D        | Reached skill level 10 in Axes
   740 | D        | Noticed Erica
   746 | D        | Killed Erica
   747 | D        | Reached skill level 10 in Fighting
   747 | D        | Reached skill level 11 in Axes
   848 | D        | Noticed a centaur warrior
   852 | D        | Reached XP level 9. HP: 82/101 MP: 8/8
   853 | D        | Killed a centaur warrior
   854 | D        | Reached skill level 12 in Axes
   912 | D        | Killed an unseen horror
  1037 | D        | Noticed a wandering mushroom
  1041 | D        | Noticed a wandering mushroom
  1043 | D        | Noticed a wandering mushroom
  1187 | D        | Noticed a cane toad
  1187 | D        | Noticed a komodo dragon
  1187 | D        | Noticed a cane toad
  1191 | D        | Killed a komodo dragon
  1192 | D        | Reached skill level 13 in Axes
  1196 | D        | Killed a cane toad
  1197 | D        | Killed a cane toad
  1198 | D        | Reached skill level 10 in Dodging
  1198 | D        | Reached XP level 10. HP: 106/114 MP: 9/9
  1235 | D        | Reached ****** piety under Trog
  1250 | D        | Reached skill level 14 in Axes
  1325 | D        | Received a gift from Trog
  1544 | D        | Noticed a lindwurm
  1549 | D        | Killed a lindwurm
  1587 | D        | Noticed Urug
  1700 | D        | Killed Urug
  1701 | D        | Reached skill level 15 in Axes
  1701 | D        | Reached skill level 1 in Unarmed Combat
  1897 | D        | Received a gift from Trog
  1952 | D        | Noticed Rupert
  1961 | D        | Killed Rupert
  1962 | D        | Reached skill level 16 in Axes
  1962 | D        | Reached XP level 11. HP: 127/127 MP: 10/10
  2009 | D        | Noticed a dire elephant
  2010 | D        | Noticed a dire elephant
  2010 | D        | Noticed Gastronok
  2021 | D        | Killed a dire elephant
  2026 | D        | Killed a dire elephant
  2034 | D        | Killed Gastronok
  2034 | D        | Received a gift from Trog
  2035 | D        | Reached skill level 17 in Axes
  2175 | D        | Noticed an orc knight
  2176 | D        | Noticed an orc high priest
  2180 | D        | Noticed an orc knight
  2184 | D        | Killed an orc knight
  2188 | D        | Found Talyt's Antique Armour Shop.
  2189 | D        | Received a gift from Trog
  2193 | D        | Killed an orc high priest
  2195 | D        | Killed an orc knight
  2196 | D        | Received a gift from Trog
  2292 | D        | Bought a runed robe for 92 gold pieces
  2337 | D        | Noticed a deep elf pyromancer
  2337 | D        | Noticed a deep elf pyromancer
  2337 | D        | Noticed a deep elf zephyrmancer
  2337 | D        | Noticed a deep elf pyromancer
  2337 | D        | Noticed a deep elf knight
  2345 | D        | Killed a deep elf pyromancer
  2346 | D        | Noticed a deep elf demonologist
  2352 | D        | Killed a deep elf pyromancer
  2353 | D        | Reached skill level 18 in Axes
  2353 | D        | Killed a deep elf knight
  2355 | D        | Killed a deep elf pyromancer
  2356 | D        | Noticed a deep elf high priest
  2358 | D        | Killed a deep elf zephyrmancer
  2359 | D        | Reached XP level 12. HP: 140/140 MP: 11/11
  2398 | D        | Identified the amulet "Wukacuhi" {+Blink rElec Regen+
                  | Int+5}
  2398 | D        | Noticed a deep elf death mage
  2475 | D        | Noticed Sigmund
  2475 | D        | Noticed Edmund
  2483 | D        | Killed Edmund
  2483 | D        | Received a gift from Trog
  2493 | D        | Killed Sigmund
  2494 | D        | Reached skill level 15 in Fighting
  2494 | D        | Reached skill level 19 in Axes
  2719 | D        | Found Quis's Jewellery Emporium.
  2719 | D        | Found Asiest's Book Shop.
  2719 | D        | Found Qywk's General Store.
  2719 | D        | Found Daope's Book Boutique.
  2719 | D        | Found Mumes's Antique Weapon Emporium.
  2719 | D        | Found Jaz Giom's Jewellery Shop.
  2719 | D        | Found Fuips's Distillery.
  2720 | D        | Found Fugras's Assorted Antiques.
  2720 | D        | Found Voshre Effeh's Magic Scroll Shoppe.
  2720 | D        | Found Efeff's Assorted Antiques.
  2720 | D        | Found Paseadgh's Antique Armour Emporium.
  2765 | D        | Bought a colourful robe for 136 gold pieces
  2765 | D        | Identified the +1 robe "Doutt" {rElec Dex+4} (You bought it
                  | in a shop in the Dungeon)
  2781 | D        | Bought the ring "Loptim Nazin" {rPois rF+ rC+ Str+2 Stlth+}
                  | for 552 gold pieces
  2788 | D        | Bought a potion of flight for 57 gold pieces
  2788 | D        | Bought a scroll labelled UPIZXE ALU ZOCING for 19 gold
                  | pieces
  2793 | D        | Bought a potion of curing for 42 gold pieces
  2793 | D        | Bought a potion of curing for 42 gold pieces
  2793 | D        | Bought a potion of curing for 42 gold pieces
  2793 | D        | Bought a potion of heal wounds for 70 gold pieces
  2793 | D        | Bought a potion of resistance for 140 gold pieces
  2800 | D        | Bought a runed demon whip for 432 gold pieces
  2847 | D        | Received a gift from Trog
  2961 | D        | Noticed a centaur warrior
  2968 | D        | Killed a centaur warrior
  3154 | D        | Noticed an anaconda
  3154 | D        | Noticed a fire dragon
  3154 | D        | an anaconda changed into a fire dragon
  3155 | D        | Noticed a fire dragon
  3156 | D        | a fire dragon changed into a slime creature
  3158 | D        | Received a gift from Trog
  3165 | D        | Killed a fire dragon
  3166 | D        | Reached skill level 20 in Axes
  3424 | D        | Slain by a +2 vorpal halberd

Illustrated notes

Levels and vault maps discovered:
D:        dungeon_sprint_mu [sprint_mu_entry_forest, sprint_mu_temple_rooms,
          sprint_mu_d1_horrors, sprint_mu_d2_genie, sprint_mu_d3_branching,
          sprint_mu_orc_legion, sprint_mu_elf_gauntlet, sprint_mu_hive_nellie,
          sprint_mu_lair_fedhas, sprint_mu_vaults_butterflies,
          sprint_mu_slime_circle, sprint_mu_swamp_cave, sprint_mu_snake_twists,
          sprint_mu_blade_basic, sprint_mu_crypt_lich, sprint_mu_tomb_spiral,
          sprint_mu_vestibule_basic, sprint_mu_gehenna_hellfire,
          sprint_mu_dis_giant, sprint_mu_tartarus_statrot,
          sprint_mu_cocytus_islands, sprint_mu_zot1]

Skill      XL: |  1  2  3  4  5  6  7  8  9 10 11 12 |
---------------+-------------------------------------+-----
Fighting       | 3 4 5 6 7 8 10 11 13 14 16 | 16.1
Axes           | 3 5 7 8 9 11 13 16 18 20 | 20.3
Dodging        | 3 4 5 6 7 8 9 10 11 12 | 12.0
Unarmed Combat | 2 4 |  4.0
Stealth        | |  0.3

Action                   |  1- 3 |  4- 6 |  7- 9 | 10-12 || total
-------------------------+-------+-------+-------+-------++-------
Melee: Hand axe          |    41 |    36 |    34 |       ||   111
       Punch             |       |     3 |     1 |       ||     4
       Battleaxe         |       |       |    40 |   192 ||   232
       Unarmed           |       |       |       |    13 ||    13
Invok: Berserk           |     2 |     3 |     4 |    12 ||    21
       Brothers in Arms  |       |       |       |     3 ||     3
  Use: Potion            |       |       |       |     2 ||     2
 Stab: Sleeping          |       |       |       |     3 ||     3
Armor: Animal skin       |     7 |     3 |     5 |     5 ||    20
       Robe              |       |       |       |    16 ||    16
Dodge: Dodged            |    16 |     9 |    18 |    68 ||   111

Table legend: (Time is in decaauts)
 A = Elapsed time spent in this place.
 B = Non-inter-level travel time spent in this place.
 C = Inter-level travel time spent in this place.
 D = Time resting spent in this place.
 E = Time spent auto-exploring this place.
 F = Levels seen in this place.
 G = Mean time per level.
                   A        B        C        D        E       F      G
               +--------+--------+--------+--------+--------+-----+--------+
         Total |   3577 |   3577 |      0 |   2043 |      4 |   1 | 3577.0 |
       Dungeon |   3577 |   3577 |      0 |   2043 |      4 |   1 | 3577.0 |
               +--------+--------+--------+--------+--------+-----+--------+

Top non-repeatable levels by time:
       D: 3577 daAuts
